 Dungeon Crawl Stone Soup version 0.28.0-49-g6dfe1f597d (webtiles) character file.

Game seed: 4885883471867172474

920 nickcage the Carver (level 7, 0/54 HPs)
             Began as a Demonspawn Abyssal Knight on May 12, 2022.
             Was a Priest of Lugonu.
             Slain by a hound (2 damage)
             ... on level 6 of the Dungeon on May 13, 2022.
             The game lasted 00:16:28 (6068 turns).

nickcage the Carver (Demonspawn Abyssal Knight)     Turns: 6068, Time: 00:16:28

Health: 0/54       AC: 13    Str: 21    XL:     7   Next: 83%
Magic:  8/8        EV:  3    Int: 11    God:    Lugonu [***...]
Gold:   289        SH: 15    Dex: 14    Spells: 6/6 levels left

rFire   . . .      SeeInvis .   a - +2 falchion (vamp)
rCold   . . .      Faith    .   w - +1 tower shield
rNeg    . . .      Spirit   .   g - +0 chain mail
rPois   .          Reflect  .   (no helmet)
rElec   .          Harm     .   (no cloak)
rCorr   .          Rampage  .   o - +0 pair of gloves
Will    .....                   (no boots)
Stlth   ..........              (no amulet)
HPRegen 0.18/turn               c - +4 ring of protection
MPRegen 0.11/turn               v - +6 ring of strength

@: no status effects
A: claws 1, foul stench 1, condensation shield
a: Renounce Religion, Depart the Abyss, Bend Space, Banish


You were on level 6 of the Dungeon.
You worshipped Lugonu.
Lugonu was most pleased with you.
You visited 1 branch of the dungeon, and saw 6 of its levels.
You visited the Abyss 1 time.

You collected 289 gold pieces.

Inventory:

Hand Weapons
 a - a +2 vampiric falchion (weapon)
 e - a +3 great sword of freezing
Missiles
 h - 8 boomerangs
Armour
 b - a +0 leather armour
 g - a +0 chain mail (worn)
 o - a +0 pair of gloves (worn)
 w - a +1 tower shield (worn)
Jewellery
 c - a +4 ring of protection (left hand)
 f - a +6 ring of strength
 i - a ring of protection from fire
 v - a +6 ring of strength (right hand)
Wands
 u - a wand of acid (7) (quivered)
Scrolls
 k - a scroll of fog
 p - a scroll of fear
Potions
 d - a potion of curing
 n - a potion of degeneration
 r - a potion of haste
 t - a potion of attraction


   Skills:
 - Level 4.0 Fighting
 * Level 8.0 Long Blades
 - Level 1.7 Armour
 - Level 0.8 Dodging
 - Level 2.4 Invocations


You had 6 spell levels left.
You didn't know any spells.
Your spell library contained the following spells:

 Spells                   Type           Power      Damage    Failure   Level
 Summon Small Mammal      Summ           0%         N/A       100%        1
 Ensorcelled Hibernation  Hex/Ice        0%         N/A       100%        2
 Passwall                 Tmut/Erth      0%         N/A       100%        2
 Static Discharge         Conj/Air       0%         N/A       100%        2
 Call Canine Familiar     Summ           0%         N/A       100%        3
 Inner Flame              Hex/Fire       0%         N/A       100%        3
 Spider Form              Tmut/Pois      0%         N/A       100%        3
 Summon Guardian Golem    Hex/Summ       0%         N/A       100%        3
 Swiftness                Air            0%         N/A       100%        3
 Anguish                  Hex/Necr       0%         N/A       100%        4
 Cause Fear               Hex            0%         N/A       100%        4
 Lightning Bolt           Conj/Air       0%         1d11      100%        5
 Discord                  Hex            0%         N/A       100%        8
 Maxwell's Capacitive Co  Air            0%         ∞         100%        8


Dungeon Overview and Level Annotations

Branches:
Dungeon (6/15)
 Temple: D:4-7

Altars:
Ashenzari
Hepliaklqana
Kikubaaqudgha
Makhleb
Nemelex Xobeh
Ru

Annotations:
D:5 Grinder


Innate Abilities, Weirdness & Mutations

You have sharp fingernails.
You may rarely emit foul miasma when damaged in melee.
A meltable shield of frost defends you. (SH +4)


Message History

Aiming: Corrosive Bolt
Press: ? - help, Q - select action, (/) - cycle Shift-Dir - straight line, f - howler monkey
Aim: a howler monkey (68% to hit)
The bolt of acid misses the howler monkey.
The bolt of acid hits the gnoll!
The gnoll is severely wounded.
The bolt of acid hits the gnoll!
The acid corrodes the gnoll!
You kill the gnoll!
Lugonu accepts your kill.
The howler monkey hoots and howls with incredible vigour!
A hound comes into view.
You hit the gnoll.
The gnoll is almost dead.
An ice beast comes into view.
The gnoll barely misses you.
The gnoll hits you from afar with a +0 spear.
* * * LOW HITPOINT WARNING * * *
The howler monkey hoots and howls with incredible vigour!
You slash the gnoll!
You feel better.
You kill the gnoll!
Lugonu accepts your kill. You block the gnoll's attack.
The howler monkey hits you but does no damage.
You block the hound's attack.
Aiming: Corrosive Bolt
Press: ? - help, Q - select action, (/) - cycle Shift-Dir - straight line, f - ice beast, p - howler monkey
Aim: an ice beast (71% to hit)
The bolt of acid hits the howler monkey!
The acid corrodes the howler monkey!
The howler monkey is severely wounded.
The bolt of acid hits the iguana!
The acid corrodes the iguana!
The iguana is heavily wounded.
The bolt of acid hits the ice beast!
The acid corrodes the ice beast!
The ice beast is moderately wounded.
You block the gnoll's attack. The howler monkey hits you.
* * * LOW HITPOINT WARNING * * *
The hound bites you.
You die...

#...........##
#.............
#............#
#...)........#
#...Y........#
#......#....##
#..glg.#....#
####h#†# ...#
#@#<# ..#
#h### # ...
..... .##.###
.. ... ## #.#
#.#


You could see an ice beast (corroded), a howler monkey (catching breath,
corroded), an iguana (corroded), a hound and 2 gnolls.

Vanquished Creatures
  Edmund (D:5)
  A black bear (D:5)
  A scorpion (D:5)
  4 wights (D:5)
  A howler monkey (D:5)
  2 bullfrog zombies
  2 jellies
  3 iguanas
  A hound skeleton (D:5)
  6 gnolls
  8 adders
  An adder skeleton (D:4)
  5 dart slugs
  5 orcs (D:3)
  8 ball pythons
  5 bats
  12 endoplasms
  3 giant cockroaches
  11 hobgoblins
  12 kobolds
  4 quokkas
  5 frilled lizards
  9 goblins
  A quokka skeleton (D:4)
  5 rats
116 creatures vanquished.

Vanquished Creatures (others)
  A withered plant (D:2)
1 creature vanquished.

Grand Total: 117 creatures vanquished

Notes
Turn   | Place    | Note
-------+----------+-------------------------------------------
     0 | Abyss:1  | nickcage the Demonspawn Abyssal Knight began the quest for
                  | the Orb.
     0 | Abyss:1  | Reached XP level 1. HP: 18/18 MP: 2/2
     0 | D:1      | Escaped the Abyss
    95 | D:1      | Reached skill level 2 in Long Blades
   157 | D:1      | Reached * piety under Lugonu
   159 | D:1      | Gained mutation: You have sharp fingernails. [demonic
                  | ancestry]
   159 | D:1      | Reached XP level 2. HP: 21/24 MP: 3/3
   701 | D:1      | Gained mutation: A meltable shield of frost defends you.
                  | (SH +4) [demonic ancestry]
   701 | D:1      | Reached XP level 3. HP: 23/29 MP: 4/4
  1102 | D:2      | Reached ** piety under Lugonu
  1150 | D:2      | Found a faded altar of an unknown god.
  1199 | D:2      | Reached skill level 3 in Long Blades
  1745 | D:2      | Found a sacrificial altar of Ru.
  1807 | D:3      | Gained mutation: You may rarely emit foul miasma when
                  | damaged in melee. [demonic ancestry]
  1807 | D:3      | Reached XP level 4. HP: 24/37 MP: 5/5
  2584 | D:3      | Reached skill level 4 in Long Blades
  2604 | D:3      | Reached XP level 5. HP: 24/42 MP: 6/6
  3295 | D:4      | Reached *** piety under Lugonu
  3983 | D:4      | Reached skill level 5 in Long Blades
  4430 | D:4      | Reached XP level 6. HP: 38/48 MP: 7/7
  4588 | D:5      | Entered Level 5 of the Dungeon
  4734 | D:5      | Noticed a troll
  5164 | D:5      | Reached skill level 6 in Long Blades
  5272 | D:5      | Found a burning altar of Makhleb.
  5275 | D:5      | Found a sparkling altar of Nemelex Xobeh.
  5281 | D:5      | Found an ancient bone altar of Kikubaaqudgha.
  5286 | D:5      | Found a hazy altar of Hepliaklqana.
  5293 | D:5      | Found a sacrificial altar of Ru.
  5295 | D:5      | Found a broken altar of Ashenzari.
  5309 | D:5      | Reached XP level 7. HP: 10/54 MP: 8/8
  5563 | D:5      | Noticed Edmund
  5566 | D:5      | Noticed Grinder
  5588 | D:5      | Killed Edmund
  5589 | D:5      | Reached skill level 7 in Long Blades
  5994 | D:6      | Reached skill level 8 in Long Blades
  6055 | D:6      | Identified the ring "Fyfujeo" {rN+ Slay+5}
  6068 | D:6      | HP: 2/54 [howler monkey (4)]
  6068 | D:6      | Slain by a hound

Illustrated notes

Levels and vault maps discovered:
D:1:      eino_arrival_water_star, layout_loops_cross
D:2:      layout_loops_ring, basic_altar, ebering_ecumenical_altar_petrified
D:3:      minmay_bubble_buster, layout_basic
D:4:      layout_gridville, minmay_goblin_outpost
D:5:      layout_basic, nicolae_overflow_hallway_of_the_gods,
          kennysheep_generic_room_3, uniq_grinder, uniq_edmund
D:6:      layout_basic, enter_ossuary_3

Skill      XL: |  1  2  3  4  5  6  7 |
---------------+----------------------+-----
Long Blades    | 2 3 4 5 6 8 |  8.0
Fighting       | 4 |  4.0
Armour         | |  1.7
Dodging        | |  0.8
Invocations    | |  2.4

Action                   |  1- 3 |  4- 6 |  7- 9 || total
-------------------------+-------+-------+-------++-------
Melee: Falchion          |   153 |   225 |    55 ||   433
       Punch             |     3 |     2 |       ||     5
Throw: Boomerang         |       |    10 |     3 ||    13
Invok: Depart the Abyss  |     1 |       |       ||     1
Evoke: Wand              |       |       |     2 ||     2
  Use: Potion            |       |     1 |     1 ||     2
       Scroll            |       |       |    12 ||    12
Armor: Leather armour    |    25 |       |       ||    25
       Chain mail        |    83 |   158 |    19 ||   260
Dodge: Dodged            |    80 |    63 |     5 ||   148
Block: Other             |    20 |    25 |       ||    45
       Tower shield      |       |    52 |    45 ||    97
